 Dungeon Crawl Stone Soup version 0.30-a0-358-g0d69a1922f (webtiles) character file.

Game seed: 5895985981176883663

205059 ragingrage the Stormcaller (level 19, -4/123 HPs)
             Began as a Tengu Air Elementalist on Nov 9, 2022.
             Was the Champion of Vehumet.
             Blown up by an orb spider (62 damage)
             ... with an orb of destruction
             ... on level 4 of the Spider Nest.
             The game lasted 01:11:02 (57221 turns).

ragingrage the Stormcaller (TeAE)                  Turns: 57221, Time: 01:11:02

Health: -4/123     AC: 12    Str:  9 (11) XL:     19   Next: 10%
Magic:  12/43      EV: 36    Int: 20 (21) God:    Vehumet [******]
Gold:   3505       SH: 18    Dex: 15      Spells: 3/39 levels left

rFire   + . .      SeeInvis +    b - staff of air
rCold   + . .      Faith    .    h - +0 tower shield of the Desolation of Salt {+Inv Will+ rCorr}
rNeg    . . .      Spirit   .    T - +1 robe {rC+ rF+}
rPois   +          Reflect  .    W - +2 hat
rElec   +          Harm     .    y - +2 cloak {rPois}
rCorr   +          Rampage  .    R - +3 pair of gauntlets of War {Slay+5}
Will    ++...                    (boots unavailable)
Stlth   +++.......               Q - amulet of the acrobat
HPRegen 0.40/turn                Y - ring of see invisible
MPRegen 0.28/turn                D - ring of magical power

@: swift, acrobatic, flying quickly and evasively, studying Throwing, very quick
A: beak, talons 3, nimble flight
a: Renounce Religion, Evoke Invisibility


You were on level 4 of the Spider Nest.
You worshipped Vehumet.
Vehumet was exalted by your worship.
You visited 7 branches of the dungeon, and saw 31 of its levels.
You also visited: Sewer and Ice Cave.

You collected 4653 gold pieces.
You spent 1148 gold pieces at shops.

Inventory:

Hand Weapons
 a - the +8 falchion of Miul {flame, rElec rPois rN+}
   (You took it off a deep elf annihilator on level 3 of the Elven Halls)

   It burns those it strikes, dealing additional fire damage.
   Big, fiery blades are also staple armaments of hydra-hunters.
   rElec:     It insulates you from electricity.
   rPois:     It protects you from poison.
   rN:        It protects you from negative energy.
Missiles
 s - 5 curare-tipped darts
 B - 2 throwing nets
Armour
 h - the +0 tower shield of the Desolation of Salt (worn) {+Inv Will+ rCorr}
   (You acquired it on level 1 of the Orcish Mines)

   +Inv:      It lets you turn invisible.
   rCorr:     It protects you from acid and corrosion.
   Will:      It increases your willpower.
 y - a +2 cloak of poison resistance (worn)
 R - the +3 pair of gauntlets of War (worn) {Slay+5}
   (You acquired it on level 2 of the Orcish Mines)

   Slay:      It affects your accuracy & damage with ranged weapons and melee
   (+5).
 T - a +1 robe of resistance (worn)
 W - a +2 hat (worn)
Magical Staves
 b - a staff of air (weapon)
Jewellery
 D - a ring of magical power (right hand)
 I - a ring of protection from cold
 L - a ring of protection from fire
 Q - an amulet of the acrobat (around neck)
 V - a +6 ring of intelligence
 Y - a ring of see invisible (left hand)
Wands
 n - a wand of paralysis (24)
 p - a wand of flame (102)
 F - a wand of digging (11)
 J - a wand of mindburst (30)
 M - a wand of iceblast (9)
 N - a wand of quicksilver (1)
Scrolls
 c - 10 scrolls of teleportation
 d - 6 scrolls of poison
 e - 3 scrolls of amnesia
 f - 12 scrolls of magic mapping
 g - 4 scrolls of immolation
 l - 4 scrolls of fear
 m - 6 scrolls of enchant weapon
 u - 4 scrolls of blinking
 v - 4 scrolls of enchant armour
 x - 5 scrolls of fog
 C - 2 scrolls of silence
 E - 4 scrolls of vulnerability
 Z - 2 scrolls of summoning
Potions
 i - 3 potions of berserk rage
 j - 4 potions of cancellation
 k - 6 potions of mutation
 o - 5 potions of lignification
 q - 3 potions of brilliance
 r - a potion of ambrosia
 t - 11 potions of attraction
 w - 5 potions of magic
 z - 4 potions of might
 A - 8 potions of haste
 G - 3 potions of heal wounds
 H - 8 potions of curing
 K - 3 potions of invisibility
 S - 2 potions of resistance
Miscellaneous
 P - a box of beasts (inert)
 U - a phial of floods
 X - a phantom mirror


   Skills:
 + Level 14.9 Fighting
 - Level 4.0 Armour
 - Level 15.0 Dodging
 - Level 5.0 Stealth
 + Level 13.9 Shields
 + Level 10.6 Spellcasting
 + Level 14.2 Conjurations
 - Level 6.0 Translocations
 - Level 20.0 Air Magic
 + Level 7.5 Evocations


You had 3 spell levels left.
You knew the following spells:

 Your Spells              Type           Power      Damage    Failure   Level
a - Iskenderun's Battles  Conj           61%        2d11      1%          5
b - Static Discharge      Conj/Air       100%       2-7/arc   1%          2
c - Swiftness             Air            94%        N/A       1%          3
d - Airstrike             Air            47%        2d(7-23)  1%          4
e - Blink                 Tloc           68%        N/A       3%          2
f - Mephitic Cloud        Conj/Pois/Air  71%        N/A       1%          3
g - Arcjolt               Conj/Air       43%        1d53      1%          5
h - Lightning Bolt        Conj/Air       43%        1d63      1%          5
i - Conjure Ball Lightni  Conj/Air       43%        3x3d15    1%          6
j - Shock                 Conj/Air       100%       1d9       0%          1

Your spell library contained the following spells:

 Spells                   Type           Power      Damage    Failure   Level
 Starburst                Conj/Fire      19%        6d7       45%         6
 Kiss of Death            Conj/Necr      100%       2d13      1%          1
 Magic Dart               Conj           100%       1d8       1%          1
 Momentum Strike          Conj/Tloc      100%       3d10      1%          2
 Hailstorm                Conj/Ice       39%        3d9       1%          3
 Apportation              Tloc           68%        N/A       2%          1
 Cigotuvi's Dreadful Rot  Necr/Pois/Air  100%       N/A       2%          2
 Freeze                   Ice            40%        1d6       7%          1
 Gell's Gravitas          Tloc           34%        N/A       7%          3
 Lesser Beckoning         Tloc           68%        N/A       7%          3
 Teleport Other           Tloc           34%        N/A       7%          3
 Frozen Ramparts          Ice            20%        1d4       21%         3
 Inner Flame              Hex/Fire       10%        N/A       21%         3
 Portal Projectile        Hex/Tloc       44%        N/A       24%         3
 Necrotise                Necr           40%        1d6       26%         1
 Summon Small Mammal      Summ           40%        N/A       26%         1
 Passwall                 Tmut/Erth      8%         N/A       38%         2
 Sublimation of Blood     Necr           10%        N/A       38%         2
 Wereblood                Tmut           10%        N/A       38%         2
 Call Canine Familiar     Summ           10%        N/A       63%         3
 Confusing Touch          Hex            10%        N/A       63%         3
 Summon Guardian Golem    Hex/Summ       10%        N/A       63%         3
 Tukima's Dance           Hex            10%        N/A       63%         3
 Flame Wave               Conj/Fire      39%        2d11      4%          4
 Fulminant Prism          Conj/Hex       19%        3d10      4%          4
 Sticky Flame             Conj/Fire      39%        2d6       4%          4
 Summon Lightning Spire   Summ/Air       66%        N/A       4%          4
 Maxwell's Capacitive Co  Air            47%        ∞         13%         8
 Passage of Golubria      Tloc           34%        N/A       22%         4
 Iron Shot                Conj/Erth      19%        9d4       45%         6
 Yara's Violent Unravell  Hex/Tmut       5%         3d4       85%         5
 Animate Dead             Necr           10%        N/A       95%         4
 Dispel Undead            Necr           10%        3d9       95%         4
 Ice Form                 Ice/Tmut       10%        N/A       95%         4
 Leda's Liquefaction      Hex/Erth       5%         N/A       95%         4
 Summon Ice Beast         Ice/Summ       10%        N/A       95%         4
 Dispersal                Tloc           17%        N/A       98%         6
 Storm Form               Tmut/Air       33%        N/A       98%         7
 Blade Hands              Tmut           5%         N/A       100%        5
 Borgnjor's Vile Clutch   Necr/Erth      5%         N/A       100%        5
 Death Channel            Necr           5%         N/A       100%        6
 Summon Hydra             Summ           5%         N/A       100%        7


Dungeon Overview and Level Annotations

Branches:
Dungeon (15/15)            Temple (1/1) D:5            Lair (5/5) D:9
  Swamp (1/4) Lair:3       Spider (4/4) Lair:2        Slime (0/5) Lair:5
    Orc (2/2) D:11            Elf (3/3) Orc:2        Vaults (0/5) D:14
 Depths (0/4) D:15          Sewer (visited)           IceCv (visited)

Altars:
Ashenzari
Cheibriados
Dithmenos
Elyvilon
Fedhas
Gozag
Hepliaklqana
Kikubaaqudgha
Makhleb
Nemelex Xobeh
Okawaru
Qazlal
Ru
Sif Muna
Trog
Uskayaw
Vehumet
Wu Jian
Xom
Yredelemnul
Zin
The Shining One
Jiyva
Lugonu

Shops:
D:1 =   D:12 (   Orc:1 !   Orc:2 [**   Elf:1 ?   Elf:2 (

Portals:
Abyss: Lair:5

Annotations:
D:5 exclusion: downstairs
D:15 2 transporters, Keluf's ghost, journeyman GrFi
Lair:1 exclusion: downstairs
Swamp:1 Frances
Spider:1 exclusion: tarantella, Louise
Orc:2 sirJeffrey23's ghost, adept FoFi
Elf:1 6 runed translucent doors
Elf:2 3 runed translucent doors


Innate Abilities, Weirdness & Mutations

You have a beak for a mouth.
You have claws for feet.
Your magical nature lets you fly swiftly and evasively.


Message History

The orb spider bites your juvenile weirdsting beast!
You hear a skittering sound. x2
You closely miss the jumping spider.
You claw the jumping spider, but do no damage.
The jumping spider is moderately wounded.
The jumping spider pounces on you! You block the jumping spider's attack.
The demonic crawler shrieks in warning!
The orb spider begins to weave its threads into a brightly glowing ball.
Your juvenile weirdsting beast barely misses the demonic crawler.
Your juvenile weirdsting beast stings the demonic crawler.
You block the jumping spider's attack. The jumping spider barely misses you.
The demonic crawler hits your juvenile weirdsting beast!
The demonic crawler hits your juvenile weirdsting beast but does no damage.
The demonic crawler closely misses your juvenile weirdsting beast.
Your juvenile weirdsting beast barely misses the demonic crawler.
Your juvenile weirdsting beast stings the demonic crawler!
You hear a skittering sound.
You hit the jumping spider.
The jumping spider is electrocuted!!
You claw the jumping spider.
You kill the jumping spider!
Vehumet accepts your kill.
You feel your power returning.
A culicivora comes into view.
The demonic crawler shrieks in warning!
The orb spider barely misses your juvenile weirdsting beast.
The demonic crawler barely misses your juvenile weirdsting beast. x2
The demonic crawler hits your juvenile weirdsting beast!
Your juvenile weirdsting beast dies!
Your juvenile weirdsting beast's corpse disappears in a puff of smoke!
You hear a skittering sound.
A broodmother comes into view.
An entropy weaver comes into view.
The orb spider weaves a glowing orb of energy.
An orb of destruction comes into view.
Okay, then.
Casting: Arcjolt (mildly dangerous; 1% risk of failure)
Confirm with . or Enter, or press ? or * to list all spells.
You feel a surge of power!
You feel quick. The orb of destruction hits you!!!
Ouch! That really hurt!
You die...

....^.....^...###^###.##.......#
#^...........^##...##^##.#....##
#............##.....##.#..^#....
#............^........#.#^#....
.....#.#~...##^....##^#####.##.
##.^###.###...##...##.^########.
#..~#^...##~..###.###^^##.#.#...
##.^##....s##..~^#.#...~##.......
..........ss○°☼○@......^##.....#.
....##.....##^..........##..#..#.
.....##...##.....^~~^..^###.#####
.....###.###....~~~~~..~# ###....
.....^^#.#~^.....^~~...~# ###.^.
###........s......^.....# #....^
###......B..........~## #...#.
#.....^~#.#.......~# ###^##
##....### # ####


You could see a broodmother, an entropy weaver, a demonic crawler, an orb spider
and a culicivora.

Vanquished Creatures
  Nikola (Spider:1)
  Rupert (Orc:2)
  Jorgrun (Elf:1)
  2 deep elf blademasters (Elf:3)
  3 deep elf master archers (Elf:3)
  Kirke (D:15)
  An emperor scorpion (Spider:4)
  5 deep elf sorcerers (Elf:3)
  Aizul (Spider:3)
  5 deep elf elementalists (Elf:3)
  4 ghost moths
  4 broodmothers
  A reaper (IceCv)
  A bunyip (Swamp:1)
  8 deep elf demonologists
  7 deep elf annihilators (Elf:3)
  Azrael (Spider:1)
  A spark wasp (Spider:1)
  Josephine (Lair:3)
  4 deep elf death magi
  6 deep elf high priests
  2 entropy weavers
  7 hydras
  2 ice dragons (D:15)
  A vault guard (D:14)
  Erolcha (Orc:1)
  3 jorogumos
  A radroach (Spider:1)
  2 two-headed ogres
  3 centaur warriors
  2 death knights
  15 dancing weapons
  4 boulder beetles
  10 death yaks
  An alligator (Swamp:1)
  2 thrashing horrors (Lair:5)
  2 tengu warriors (D:14)
  Urug (Orc:1)
  14 deep elf knights
  Sonja (Lair:1)
  6 pharaoh ants
  A steelbarb worm (shapeshifter) (Elf:1)
  5 steelbarb worms
  A sun moth (Spider:3)
  6 skeletal warriors (D:14)
  A bog body (Swamp:1)
  4 orb spiders
  16 deep elf archers
  2 mana vipers (shapeshifter)
  Pikel (D:4)
  A phantasmal warrior (D:14)
  31 deep elf pyromancers
  24 deep elf zephyrmancers
  3 oklob plants (Lair:2)
  16 wolf spiders
  3 manticores
  11 ugly things
  12 orc sorcerers
  2 moths of wrath (Spider:1)
  4 cyclopes
  An ice statue (IceCv)
  A torpor snail (shapeshifter) (Lair:5)
  4 elephants (Lair:3)
  Joseph (Lair:1)
  10 torpor snails
  7 cane toads
  8 demonic crawlers
  A smoke demon (Lair:5)
  3 gargoyles
  2 kobold demonologists
  7 black mambas
  8 komodo dragons
  An efreet (D:13)
  5 freezing wraiths
  3 rime drakes
  2 tengu conjurers (D:14)
  2 ancient zymes (Lair:5)
  An anaconda simulacrum (IceCv)
  3 trolls
  11 meliai
  3 tyrant leeches
  21 tarantellas
  2 tarantellas (shapeshifter)
  A wolf spider simulacrum (D:15)
  3 hornets
  9 slime creatures
  27 blink frogs
  16 culicivoras
  An air elemental (Elf:1)
  28 jumping spiders
  2 shadows
  12 small abominations (Lair:5)
  4 water elementals
  A vampire (D:11)
  3 ynoxinuls (Lair:5)
  A spriggan (Lair:5)
  27 yaks
  4 hogs (D:15)
  7 wraiths
  A dire elephant simulacrum (IceCv)
  5 wyverns
  6 basilisks
  5 fire elementals
  31 redbacks
  A steam dragon (D:7)
  3 death yak simulacra (IceCv)
  5 vampire mosquitoes
  A harpy simulacrum (IceCv)
  16 wargs
  2 swamp worms (Lair:3)
  15 water moccasins
  A hydra simulacrum (IceCv)
  4 hell hounds (Spider:1)
  An acid dragon (D:9)
  A floating eye (Orc:1)
  13 orc warriors
  2 sky beasts (D:7)
  A black bear (D:5)
  An ice beast (D:7)
  6 ogres
  16 wolves
  3 boggarts (D:14)
  3 centaurs
  2 kobold brigands (D:11)
  15 bullfrogs
  2 phantoms (D:5)
  7 gnoll sergeants
  2 cane toad simulacra (IceCv)
  2 scorpions (D:5)
  2 earth elementals (Elf:1)
  3 two-headed ogre simulacra (IceCv)
  3 wights (D:9)
  6 killer bees
  2 elephant simulacra (IceCv)
  An electric eel (Lair:3)
  2 howler monkeys (D:10)
  3 hounds
  4 gnoll boudas
  11 orc priests
  A jelly (D:5)
  2 iguanas (D:5)
  Natasha (thrice) (D:2)
  41 orc wizards
  3 polar bear simulacra (IceCv)
  6 hell rats (Lair:3)
  9 spriggan simulacra (IceCv)
  3 troll simulacra (IceCv)
  2 wolf simulacra (IceCv)
  45 gnolls
  8 adders
  9 naga simulacra (IceCv)
  2 shadow imps
  3 white imps
  3 ufetubi (IceCv)
  2 worms
  8 dart slugs
  97 orcs
  6 bats
  9 giant cockroaches
  4 goblins
  6 hobgoblins
  4 jackals
  8 kobolds
  2 quokkas
  7 ball pythons
  4 rats
1043 creatures vanquished.

Vanquished Creatures (collateral kills)
  An elephant (Lair:3)
  2 cane toads
  A wolf (Lair:1)
  A ball lightning (Elf:2)
5 creatures vanquished.

Vanquished Creatures (others)
  A jumping spider (Spider:1)
  20 ball lightnings
  22 fungi
  34 plants
77 creatures vanquished.

Grand Total: 1125 creatures vanquished

Notes
Turn   | Place    | Note
-------+----------+-------------------------------------------
     0 | D:1      | ragingrage the Tengu Air Elementalist began the quest for
                  | the Orb.
     0 | D:1      | Reached XP level 1. HP: 10/10 MP: 4/4
   255 | D:1      | Found Liobir's Jewellery Shop.
   331 | D:1      | Reached XP level 2. HP: 12/15 MP: 1/6
   386 | D:1      | Learned a level 2 spell: Static Discharge
  1130 | D:2      | Noticed Natasha
  1134 | D:2      | Killed Natasha
  1135 | D:2      | Reached skill level 5 in Air Magic
  1135 | D:2      | Reached XP level 3. HP: 9/19 MP: 4/7
  1432 | D:2      | Reached XP level 4. HP: 24/24 MP: 3/8
  1659 | D:2      | Noticed Natasha
  1669 | D:2      | Killed Natasha
  2035 | D:2      | Noticed Natasha
  2042 | D:2      | Killed Natasha
  2043 | D:2      | Reached skill level 6 in Air Magic
  2043 | D:2      | Gained mutation: Your magical nature lets you fly swiftly
                  | and evasively. [Tengu growth]
  2043 | D:2      | Reached XP level 5. HP: 19/28 MP: 1/9
  2467 | D:3      | Reached skill level 5 in Conjurations
  2544 | D:3      | Noticed an ogre
  2553 | D:3      | Killed an ogre
  2554 | D:3      | Reached skill level 7 in Air Magic
  2554 | D:3      | Reached XP level 6. HP: 32/32 MP: 4/10
  2676 | D:3      | Identified the +0 leather armour "Sote" {+Blink}
  3329 | D:3      | Learned a level 3 spell: Swiftness
  3334 | D:3      | Learned a level 4 spell: Airstrike
  3619 | D:4      | Noticed Pikel
  3663 | D:4      | Killed Pikel
  3664 | D:4      | Reached skill level 9 in Air Magic
  3664 | D:4      | Reached XP level 7. HP: 15/36 MP: 3/14
  3798 | D:4      | Found a stormy altar of Qazlal.
  3848 | D:4      | Found a broken altar of Ashenzari.
  3848 | D:4      | Found an ornate altar of the Wu Jian Council.
  3903 | D:4      | Reached XP level 8. HP: 15/41 MP: 9/16
  4027 | D:4      | Found a glowing drain.
  4066 | Sewer    | Entered a sewer
  4200 | Sewer    | Reached skill level 5 in Spellcasting
  4200 | Sewer    | Reached skill level 10 in Air Magic
  4553 | D:4      | Learned a level 2 spell: Blink
  5299 | D:1      | Bought a ring of magical power for 240 gold pieces
  5426 | D:5      | Entered Level 5 of the Dungeon
  5738 | D:5      | Reached skill level 1 in Translocations
  6121 | D:5      | Found a staircase to the Ecumenical Temple.
  6167 | Temple   | Entered the Ecumenical Temple
  6268 | Temple   | Became a worshipper of Vehumet
  6898 | D:6      | Reached XP level 9. HP: 45/45 MP: 18/18
  6913 | D:6      | Reached skill level 11 in Air Magic
  7033 | D:6      | Noticed a two-headed ogre
  7635 | D:7      | Reached * piety under Vehumet
  7635 | D:7      | Offered knowledge of Kiss of Death by Vehumet.
  8074 | D:7      | Reached skill level 12 in Air Magic
  8792 | D:7      | Found a hazy altar of Hepliaklqana.
  8792 | D:7      | Found a bloodstained altar of Trog.
  8792 | D:7      | Found a shimmering blue altar of Sif Muna.
  8792 | D:7      | Found an opulent altar of Gozag.
  8800 | D:7      | Found an iron altar of Okawaru.
  8805 | D:7      | Found a basalt altar of Yredelemnul.
  9073 | D:8      | Found a snail-covered altar of Cheibriados.
  9111 | D:8      | Reached ** piety under Vehumet
  9111 | D:8      | Offered knowledge of Freeze by Vehumet.
  9131 | D:8      | Reached skill level 1 in Armour
  9250 | D:8      | Reached skill level 1 in Fighting
  9250 | D:8      | Reached XP level 10. HP: 52/52 MP: 22/22
  9493 | D:8      | You are sucked into a shaft and drop 3 floors!
  9774 | D:10     | Entered Level 10 of the Dungeon
 10055 | D:9      | Found a staircase to the Lair.
 10062 | D:9      | Reached skill level 13 in Air Magic
 10313 | D:9      | Reached skill level 1 in Evocations
 10525 | D:9      | Offered knowledge of Mephitic Cloud by Vehumet.
 10636 | D:9      | Learned a level 3 spell: Mephitic Cloud
 10992 | D:9      | Noticed a two-headed ogre
 11002 | D:9      | Killed a two-headed ogre
 12057 | D:10     | Reached XP level 11. HP: 49/60 MP: 1/24
 12385 | D:10     | Reached *** piety under Vehumet
 12405 | D:10     | Reached skill level 5 in Dodging
 12755 | D:11     | Reached skill level 1 in Shields
 13440 | D:11     | Offered knowledge of Ignite Poison by Vehumet.
 13681 | D:11     | Found a staircase to the Orcish Mines.
 14414 | D:12     | Identified the +11 broad axe of Rotation {speed, SInv}
 14892 | D:12     | Noticed a cyan ugly thing
 14896 | D:12     | Noticed a manticore
 14897 | D:12     | Killed a cyan ugly thing
 15010 | D:12     | Reached skill level 14 in Air Magic
 15134 | D:12     | Noticed a two-headed ogre
 15137 | D:12     | Killed a two-headed ogre
 15138 | D:12     | Reached skill level 5 in Fighting
 15313 | D:12     | Noticed a boulder beetle
 15324 | D:12     | Killed a boulder beetle
 15456 | D:12     | Noticed a cyclops
 15461 | D:12     | Killed a cyclops
 15775 | D:12     | Found Raegh's Antique Weapon Shop.
 16012 | Lair:1   | Entered Level 1 of the Lair of Beasts
 16024 | Lair:1   | Reached XP level 12. HP: 68/68 MP: 26/26
 16030 | Lair:1   | Noticed Joseph
 16040 | Lair:1   | Killed Joseph
 16218 | Lair:1   | Noticed an eight-headed hydra
 16227 | Lair:1   | Killed an eight-headed hydra
 16228 | Lair:1   | Reached skill level 5 in Evocations
 16313 | Lair:1   | Found a frozen archway.
 16459 | IceCv    | Entered an ice cave
 16608 | IceCv    | Reached **** piety under Vehumet
 17339 | IceCv    | Offered knowledge of Fulminant Prism by Vehumet.
 17354 | IceCv    | Learned a level 4 spell: Fulminant Prism
 17372 | IceCv    | Noticed a reaper
 19030 | IceCv    | Killed a reaper
 19540 | Lair:1   | Noticed Sonja
 19545 | Lair:1   | Killed Sonja
 19753 | Lair:1   | Reached skill level 15 in Air Magic
 20163 | Lair:2   | Noticed a seven-headed hydra
 20437 | Lair:2   | Reached ***** piety under Vehumet
 20438 | Lair:2   | Reached XP level 13. HP: 76/76 MP: 24/27
 20500 | Lair:2   | Offered knowledge of Lightning Bolt by Vehumet.
 20507 | Lair:2   | Learned a level 5 spell: Lightning Bolt
 20549 | Lair:2   | Found a hole to the Spider Nest.
 20557 | Lair:2   | Reached skill level 10 in Spellcasting
 20618 | Lair:2   | You are sucked into a shaft and drop 1 floor!
 20971 | Lair:3   | Reached skill level 10 in Conjurations
 21178 | Lair:3   | Noticed Josephine
 21184 | Lair:3   | Killed Josephine
 21886 | Lair:3   | Reached skill level 5 in Shields
 22728 | Lair:1   | Reached skill level 16 in Air Magic
 24046 | Lair:3   | Found a staircase to the Swamp.
 24253 | Lair:3   | Identified the +0 pair of gloves "Vuank" {rF+ rC- Dex+6}
 24357 | Lair:3   | Found a snail-covered altar of Cheibriados.
 25000 | Lair:4   | Reached XP level 14. HP: 84/84 MP: 27/29
 25267 | Lair:4   | Reached skill level 10 in Dodging
 26644 | Lair:5   | Entered Level 5 of the Lair of Beasts
 26812 | Lair:5   | Reached skill level 17 in Air Magic
 27747 | Lair:5   | Found a viscous altar of Jiyva.
 27747 | Lair:5   | Found a staircase to the Slime Pits.
 28067 | Lair:5   | Offered knowledge of Conjure Ball Lightning by Vehumet.
 28213 | Lair:5   | Learned a level 6 spell: Conjure Ball Lightning
 28882 | Lair:5   | Reached skill level 10 in Fighting
 29013 | Lair:5   | Found a corrupted altar of Lugonu.
 29013 | Lair:5   | Found a one-way gate to the infinite horrors of the Abyss.
 30793 | D:14     | Reached XP level 15. HP: 92/92 MP: 21/30
 31025 | D:14     | Found a gate to the Vaults.
 31148 | D:14     | Offered knowledge of Eringya's Noxious Bog by Vehumet.
 32040 | D:14     | Reached skill level 18 in Air Magic
 32625 | D:14     | Reached skill level 5 in Stealth
 32807 | D:15     | Entered Level 15 of the Dungeon
 33029 | D:15     | Noticed a tengu reaver
 33038 | D:15     | Noticed Keluf's ghost (journeyman GrFi)
 33907 | D:15     | Found a staircase to the Depths.
 34036 | D:15     | Found a transporter.
 34041 | D:15     | Found a transporter.
 34132 | D:15     | Noticed Kirke
 34138 | D:15     | Killed Kirke
 34436 | Orc:1    | Entered Level 1 of the Orcish Mines
 34506 | Orc:1    | Noticed Urug
 34517 | Orc:1    | Killed Urug
 34523 | Orc:1    | Noticed Erolcha
 34526 | Orc:1    | Killed Erolcha
 34681 | Orc:1    | Offered knowledge of Arcjolt by Vehumet.
 34771 | Orc:1    | Learned a level 5 spell: Arcjolt
 34792 | Orc:1    | Found Xiururem's Distillery.
 34807 | Orc:1    | Bought a potion of haste for 130 gold pieces
 34807 | Orc:1    | Identified a scroll of acquirement
 34809 | Orc:1    | Acquired the +0 tower shield of the Desolation of Salt
                  | {+Inv Will+ rCorr}
 34949 | Orc:2    | Entered Level 2 of the Orcish Mines
 35075 | Orc:2    | Found a staircase to the Elven Halls.
 36252 | Orc:2    | Noticed Rupert
 36528 | Orc:2    | Reached skill level 10 in Shields
 36824 | Orc:2    | Paralysed by Rupert for 4 turns
 37119 | Orc:2    | Killed Rupert
 37217 | Orc:2    | Found Nistryb's General Store.
 37217 | Orc:2    | Found Vayckau's General Store.
 37222 | Orc:2    | Bought a scroll of magic mapping for 105 gold pieces
 37231 | Orc:2    | Bought a scroll of teleportation for 51 gold pieces
 37231 | Orc:2    | Bought a potion of resistance for 170 gold pieces
 37231 | Orc:2    | Bought a potion of heal wounds for 85 gold pieces
 37341 | Orc:2    | Offered knowledge of Fireball by Vehumet.
 37645 | Orc:2    | Found a transporter.
 37714 | Orc:2    | Noticed sirJeffrey23's ghost (adept FoFi)
 37752 | Orc:2    | Found Veju's Antique Armour Emporium.
 37773 | Orc:2    | Reached XP level 16. HP: 100/100 MP: 20/31
 37976 | Orc:2    | Bought a twisted robe for 165 gold pieces
 37976 | Orc:2    | Identified the +2 robe "Fulal" {Harm Str+4} (You bought it
                  | in a shop on level 2 of the Orcish Mines)
 38059 | Orc:2    | Found a transporter.
 38223 | Orc:2    | Acquired the +3 pair of gauntlets of War {Slay+5}
 38223 | Orc:2    | Found the +3 pair of gauntlets of War {Slay+5}
 38298 | Orc:2    | Bought a runed robe for 107 gold pieces
 38338 | Orc:2    | Found a radiant altar of Vehumet.
 38571 | Swamp:1  | Entered Level 1 of the Swamp
 38667 | Swamp:1  | Reached skill level 19 in Air Magic
 38670 | Swamp:1  | Noticed Frances
 38671 | Swamp:1  | Noticed a tentacled monstrosity
 38964 | Elf:1    | Entered Level 1 of the Elven Halls
 38968 | Elf:1    | Paralysed by an air elemental for 1 turns
 40187 | Elf:1    | Found Zaprun Vea's Magic Scroll Boutique.
 40196 | Elf:1    | Bought a scroll of summoning for 95 gold pieces
 40295 | Elf:1    | Noticed Jorgrun
 40303 | Elf:1    | Killed Jorgrun
 40579 | Elf:1    | Noticed a Brimstone Fiend
 40581 | Elf:1    | Offered knowledge of Iskenderun's Battlesphere by Vehumet.
 40583 | Elf:1    | Identified the +6 falchion of Arbitration {freeze, +Blink
                  | Fly rF+++ rC-}
 40826 | Elf:1    | Found a runed translucent gate.
 40826 | Elf:1    | Found a runed translucent gate.
 40826 | Elf:1    | Found a runed translucent gate.
 40826 | Elf:1    | Found a runed translucent gate.
 40826 | Elf:1    | Found a runed translucent gate.
 40827 | Elf:1    | Found a runed translucent gate.
 40827 | Elf:1    | Noticed a storm dragon
 40827 | Elf:1    | Noticed a storm dragon
 42311 | Elf:1    | Reached skill level 5 in Translocations
 42704 | Elf:1    | Reached XP level 17. HP: 86/108 MP: 22/32
 43120 | Elf:2    | Learned a level 5 spell: Iskenderun's Battlesphere
 43230 | Elf:3    | Entered Level 3 of the Elven Halls
 43641 | Elf:2    | Found Veihator's Weapon Boutique.
 43673 | Elf:2    | Reached skill level 20 in Air Magic
 43744 | Elf:2    | Found a runed translucent gate.
 43744 | Elf:2    | Found a runed translucent gate.
 43744 | Elf:2    | Found a runed translucent gate.
 45331 | Elf:3    | Got the Omnibus of Collective Blasts
 45342 | Elf:3    | Identified the +2 pair of gloves "Kimea" {-Cast rPois rF++
                  | Dex+3}
 46076 | Elf:3    | Identified the +1 plate armour "Deoh" {Contam rPois Dex+4}
 46084 | Elf:3    | Noticed a deep elf blademaster
 46089 | Elf:3    | Killed a deep elf blademaster
 46459 | Elf:3    | Identified the amulet of Veysh {Spirit +Blink Int+8}
 46487 | Elf:3    | Offered knowledge of Starburst by Vehumet.
 46576 | Elf:3    | Noticed a deep elf master archer
 46578 | Elf:3    | Killed a deep elf master archer
 46811 | Elf:3    | Noticed a deep elf master archer
 46822 | Elf:3    | Identified the +3 plate armour of the Forest {+Inv rPois
                  | rN+ Stlth+}
 46822 | Elf:3    | Noticed a deep elf blademaster
 46824 | Elf:3    | Killed a deep elf master archer
 46824 | Elf:3    | Identified the +3 great sword of Anaphor {drain, rN+ Int+4}
 46826 | Elf:3    | Killed a deep elf blademaster
 47390 | Elf:3    | Noticed a deep elf master archer
 47396 | Elf:3    | Killed a deep elf master archer
 47398 | Elf:3    | Identified the +6 quick blade of Luit {flame, rN++ Str-4
                  | Int+5}
 47686 | Elf:3    | Reached skill level 15 in Dodging
 47686 | Elf:3    | Reached XP level 18. HP: 116/116 MP: 27/33
 47786 | Elf:3    | Identified the +9 sling "Coogruupn" {flame, rN+ Str-4 Int+4
                  | Dex+4}
 47786 | Elf:3    | Identified the +5 sling of Dung {vorpal, rF+}
 47793 | Elf:3    | Identified the +8 falchion of Miul {flame, rElec rPois rN+}
 48174 | Elf:3    | Got Taxtaop's Monograph on Vapourous Metamorphosis
 48760 | Spider:1 | Entered Level 1 of the Spider Nest
 49068 | Spider:1 | Noticed Azrael
 49073 | Spider:1 | Killed Azrael
 49658 | Spider:1 | Noticed Nikola
 49667 | Spider:1 | Killed Nikola
 51579 | Spider:1 | Noticed Louise
 52888 | Spider:3 | Noticed Aizul
 52893 | Spider:3 | Killed Aizul
 54574 | Spider:3 | Acquired the +3 kite shield of Fedhas's Condemnation
                  | {Str+4}
 55605 | Spider:4 | Entered Level 4 of the Spider Nest
 56296 | Spider:4 | Reached ****** piety under Vehumet
 56379 | Spider:4 | Reached XP level 19. HP: 88/123 MP: 23/34
 57221 | Spider:4 | Blown up by an orb spider

Illustrated notes

Levels and vault maps discovered:
D:1:      dpeg_arrival_pits, layout_loops_corners, serial_shops, shop,
          serial_bayou_lagoon_a
D:2:      layout_basic, uniq_natasha
D:3:      layout_loops_ring, minmay_crystal_water, minmay_diced_spiral
D:4:      layout_layer_cave, grunt_qazlal_clouds, jmf_multi_god_temple,
          gup_sewer_entry_glass, uniq_pikel
D:5:      layout_loops_corners, minmay_temple_entry_overgrown
D:6:      layout_basic, serial_bayou_ford_a
D:7:      layout_basic, minmay_overflow_temple_hex
D:8:      layout_basic, lemuel_doored_altar, nrook_mini_backslash
D:9:      layout_stronghold, erik_lair_orcish_takeover, minivault_23
D:10:     layout_big_octagon
D:11:     layout_irregular_city, kennysheep_orc_monster_closet_entryway
D:12:     layout_stronghold, serial_shops, shop
D:13:     layout_roguey
D:14:     layout_roguey, david_vaults_5, roderic_roman_lattice,
          lightli_corner_chamber
D:15:     grunt_enter_depths_hoard, layout_cave_pools, gammafunk_ghost_arena,
          uniq_kirke
Temple:   nicolae_temple_godzebo
Lair:1:   layout_gridlike, portal_ice_cave_rime, st_stairs_10,
          grunt_forest_stairs_basic, minivault_25,
          nicolae_quartered_pool_little, grunt_megastairs_2, uniq_sonja,
          uniq_joseph
Lair:2:   minmay_lair_oklob_chamber, layout_big_grid, spider_nest_entry_rubble,
          grunt_megastairs_3
Lair:3:   layout_gridlike, minmay_swamp_entry_worms, kennysheep_snail_temple,
          lemuel_fruit_tree, uniq_josephine
Lair:4:   layout_misc_corridors, grunt_megastairs_1, infiniplex_staircase_pool
Lair:5:   hellmonk_lair_end_abyssal_woods, layout_gridlike,
          dpeg_slime_entry_enclosed
Swamp:1:  layout_falls_marsh, hellmonk_ghost_happy_afterlife, serial_swamp_ruin,
          evilmike_swamp_ruin_house_3, evilmike_swamp_ruin_house_1,
          evilmike_swamp_ruin_wall, uniq_frances
Spider:1: layout_cave_pods, uniq_louise, uniq_nikola, uniq_azrael
Spider:2: layout_spider_delve
Spider:3: layout_cave_pods, uniq_aizul
Spider:4: hellmonk_spider_rune_endless_swarm
Orc:1:    hellmonk_paralyzer, layout_caves, serial_shops, shop, uniq_nergalle,
          uniq_urug, uniq_erolcha
Orc:2:    st_orc_town, layout_caves, serial_shops, shop, gammafunk_ghost_arena,
          basic_altar, mines5_lemuel, uniq_rupert
Elf:1:    eino_elf_arrival_sip, layout_onion_city, serial_shops,
          nicolae_shop_stone, orc_legates, uniq_jorgrun
Elf:2:    elven_hall_of_blades_hangedman_original
          [nicolae_blade_entry_hurt_lockers], layout_loops_cross, serial_shops,
          nicolae_shop_advertising_works [nicolae_subvault_shop_adworks]
Elf:3:    minmay_elf_hall_not_hex, layout_gridlike, minmay_elf_sorcery

Skill      XL: |  1  2  3  4  5  6  7  8  9 10 11 12 13 14 15 16 17 18 |
---------------+-------------------------------------------------------+-----
Conjurations   | 2 3 4 5 6 7 9 10 12 14 | 14.2
Air Magic      | 5 6 7 9 10 12 13 14 15 16 17 18 19 20 | 20.0
Spellcasting   | 4 5 7 8 9 10 | 10.6
Translocations | 2 3 5 6 |  6.0
Armour         | 1 4 |  4.0
Fighting       | 1 3 5 6 8 10 11 12 13 14 | 14.9
Dodging        | 4 6 7 9 11 12 13 15 | 15.0
Evocations     | 2 4 5 7 |  7.5
Shields        | 3 4 6 8 10 11 12 13 | 13.9
Stealth        | 3 5 |  5.0

Action                   |  1- 3 |  4- 6 |  7- 9 | 10-12 | 13-15 | 16-18 | 19-21 || total
-------------------------+-------+-------+-------+-------+-------+-------+-------++-------
Melee: Unarmed           |    20 |       |       |       |       |       |       ||    20
       Kick              |     8 |     3 |     7 |     6 |    15 |     7 |     2 ||    48
       Peck              |     4 |     2 |     2 |     4 |     6 |     6 |     1 ||    25
       Dagger            |     5 |    13 |       |       |       |       |       ||    18
       Staff             |       |       |    16 |     9 |    43 |    24 |     4 ||    96
       Broad axe         |       |       |       |     7 |       |     2 |       ||     9
       Falchion          |       |       |       |       |       |     3 |       ||     3
 Cast: Shock             |    38 |   105 |   135 |     3 |    11 |       |       ||   292
       Static Discharge  |     1 |       |    16 |     2 |    10 |       |       ||    29
       Airstrike         |       |       |    59 |   386 |   662 |   463 |     6 ||  1576
       Mephitic Cloud    |       |       |       |     6 |     3 |     5 |       ||    14
       Blink             |       |       |       |     1 |     2 |       |       ||     3
       Lightning Bolt    |       |       |       |       |    82 |   150 |    19 ||   251
       Conjure Ball Ligh |       |       |       |       |     6 |     3 |       ||     9
       Arcjolt           |       |       |       |       |     2 |    96 |     4 ||   102
       Swiftness         |       |       |       |       |       |     3 |     1 ||     4
       Iskenderun's Batt |       |       |       |       |       |    20 |       ||    20
Evoke: Wand              |       |       |       |     3 |     3 |     3 |       ||     9
       Box of beasts     |       |       |       |     1 |     3 |     3 |     1 ||     8
       Phial of floods   |       |       |       |       |       |     1 |       ||     1
  Use: Potion            |       |       |     1 |     4 |     1 |     1 |       ||     7
       Scroll            |       |       |       |    17 |    13 |     7 |       ||    37
 Stab: Sleeping          |     1 |       |       |       |       |       |       ||     1
Armor: Robe              |    10 |     1 |       |     1 |    16 |    46 |     5 ||    79
       Leather armour    |       |       |     9 |     2 |       |       |       ||    11
Dodge: Dodged            |    38 |    19 |    45 |    71 |   116 |   203 |    25 ||   517
Block: Buckler           |       |       |       |     9 |     1 |       |       ||    10
       Kite shield       |       |       |       |       |   108 |     9 |       ||   117
       Tower shield      |       |       |       |       |       |   283 |    22 ||   305

Table legend: (Time is in decaauts)
 A = Elapsed time spent in this place.
 B = Non-inter-level travel time spent in this place.
 C = Inter-level travel time spent in this place.
 D = Time resting spent in this place.
 E = Time spent auto-exploring this place.
 F = Levels seen in this place.
 G = Mean time per level.
                   A        B        C        D        E       F      G
               +--------+--------+--------+--------+--------+-----+--------+
         Total |  55198 |  52543 |   2655 |  22844 |  22757 |  33 | 1672.7 |
       Dungeon |  20045 |  18598 |   1447 |   4537 |  11739 |  15 | 1336.3 |
        Temple |    114 |     91 |     23 |      0 |     78 |   1 |  114.0 |
          Lair |  11182 |  10686 |    496 |   4320 |   4789 |   5 | 2236.4 |
         Swamp |    105 |    105 |      0 |     82 |      0 |   1 |  105.0 |
   Spider Nest |   7581 |   7281 |    300 |   4232 |   2285 |   4 | 1895.2 |
  Orcish Mines |   4025 |   3847 |    178 |   2218 |   1053 |   2 | 2012.5 |
   Elven Halls |   9209 |   9001 |    208 |   5566 |   2237 |   3 | 3069.7 |
         Sewer |    237 |    237 |      0 |     64 |    136 |   1 |  237.0 |
      Ice Cave |   2697 |   2697 |      0 |   1823 |    436 |   1 | 2697.0 |
               +--------+--------+--------+--------+--------+-----+--------+

Top non-repeatable levels by time:
   Elf:3: 3855 daAuts
   Elf:1: 3683 daAuts
Spider:3: 3176 daAuts
  Lair:2: 2745 daAuts
    D:14: 2730 daAuts
   IceCv: 2697 daAuts
Spider:1: 2613 daAuts
  Lair:3: 2600 daAuts
  Lair:5: 2536 daAuts
   Orc:2: 2465 daAuts
    D:11: 2228 daAuts
  Lair:1: 1873 daAuts
     D:9: 1780 daAuts
   Elf:2: 1669 daAuts
     D:7: 1639 daAuts
